NULL
Full Scoreboard »»

Islanders vs Coyotes

Created - November 11, 2023 at 23:12

Goals
1 2 3 T
Islanders 0 2 1 3
Coyotes 0 0 1 1
Shots
1 2 3 T
Islanders 15 4 8 27
Coyotes 14 12 10 36

GoalsPenalties
1st period
No Goal
Jacob Trouba (NYI) for Roughing (Minor) at 7:53
2nd period
1. Islanders , Kyle Okposo 1 (Barrett Hayton 1, Dysin Mayo 1) at 7:50
2. Islanders , Nick Schmaltz 1 (Boone Jenner 1) at 11:22
T.J. Brodie (ARI) for Holding Stick (Minor) at 11:45
Patric Hornqvist (ARI) for Elbowing (Minor) at 14:27
Tomas Tatar (ARI) for Hooking (Minor) at 19:21
3rd period
3. Coyotes , Tomas Tatar 1 (Ivan Provorov 2) at 4:06
4. Islanders , Chandler Stephenson 2 (Nick Schmaltz 2) at 17:58 (SH)
Connor Clifton (ARI) for Fighting (Major) at 4:17
Jesper Bratt (NYI) for Fighting (Major) at 4:17
Jesper Bratt (NYI) for instigated a fight (Minor) at 4:17
Jesper Bratt (NYI) for instigated a fight (10 Minutes Misconduct) at 4:17
Jake McCabe (NYI) for Boarding (Minor) at 10:28
Jake McCabe (NYI) for Elbowing (Minor) at 16:05
Goalie Stats
Karel Vejmelka (NYI), 35 saves from 36 shots - (0.972), W, 1-1-0, 60:00 minutes
Kaapo Kahkonen (ARI), 24 saves from 27 shots - (0.889), L, 0-1-0, 60:00 minutes
3 StarsOfficial
1 - Karel Vejmelka (NYI)
2 - Nick Schmaltz (NYI)
3 - Chandler Stephenson (NYI)
Referees : Unknown
Linesman : Unknown
Game Note
Connor Clifton and Jesper Bratt fight to a draw at 4:17 of 3rd period



Team Name Goals Shots Shots Attemp Shots Blocked PIM HIT PP PK FO%
Islanders 327441523280 / 3 (0%)047%
Coyotes 13670511230 / 4 (0%)053%

Islanders
Player Name POS G A P +/- PIM HIT SHT SB MP PP MP PP SHT PK MP PK SHT FO% FOT GA TA
Adam FantilliC0000001014:302:5500:00033% 1800
Anders LeeC/LW/RW0000021014:362:5000:110100% 100
Barrett HaytonC0110013112:360:0004:01060% 500
Boone JennerC/LW/RW0111012017:180:1104:0110% 210
Bowen ByramD0002020023:332:5904:2300% 012
Brady SkjeiD0000021322:462:5904:0000% 001
Brock NelsonC/LW/RW0000004116:192:5000:0300% 121
Chandler StephensonC/LW1012021117:500:1203:48150% 2011
Clayton KellerC/LW/RW0000024215:522:5600:00075% 800
David PerronLW/RW0000020015:392:5000:0000% 010
Dysin MayoD0111020114:470:0000:0000% 001
Jacob TroubaD000-1220321:192:5802:4600% 010
Jake McCabeD0001400120:332:5801:5600% 001
Jesper BrattLW/RW00001710011:532:5600:0000% 000
Kyle CapobiancoD0001040217:340:0002:4700% 000
Kyle OkposoLW/RW101001608:590:1100:0000% 000
Nick BoninoC/LW/RW000001208:350:0000:0000% 010
Nick SchmaltzC/LW/RW1122032017:210:0003:4800% 000
Coyotes
Player Name POS G A P +/- PIM HIT SHT SB MP PP MP PP SHT PK MP PK SHT FO% FOT GA TA
Alexander BarabanovRW0000024013:513:4800:00067% 310
Colin WhiteC000-2022012:200:0000:10044% 900
Connor CliftonD000-1530014:450:0002:4700% 000
Darnell NurseD0000014018:263:2200:0000% 011
Devin ShoreC/LW/RW000-2010114:030:0002:2500% 003
Evgeny KuznetsovC/LW/RW0000001016:044:0800:160100% 100
Ivan ProvorovD0110001020:573:2203:1000% 000
Jason ZuckerLW/RW0000021213:353:4500:0000% 200
Jonathan DrouinC/LW/RW0000012012:210:0000:000100% 110
Marco ScandellaD000-1000018:140:0003:1000% 001
Mathieu PerreaultC/LW0000022014:480:0002:27073% 1101
Matt DucheneC/LW/RW0000012015:484:0800:00047% 1710
Olli MaattaD000-1001225:254:3402:4700% 001
Patric HornqvistLW/RW000-2222012:340:0000:2500% 000
Robby FabbriC/LW/RW0000004015:490:0803:0200% 121
Scott LaughtonC/LW0000023017:253:4813:09156% 910
T.J. BrodieD000-1230021:584:3400:0000% 000
Tomas TatarC/LW/RW1010217015:364:0320:0000% 100

Islanders

5 vs 5 Forward
Line #Left WingCenterRight WingPHYDFOFWanted %Time %Time Play
1Jesper BrattAdam FantilliAnders Lee1223028%12:42
2David PerronClayton KellerBrock Nelson1223028%13:02
3Nick SchmaltzChandler StephensonBoone Jenner1223026%11:48
4Nick BoninoBarrett HaytonKyle Okposo1221019%8:35
5 vs 5 Defense
Line #DefenseDefensePHYDFOFWanted %Time %Time Play
1Jacob TroubaBrady Skjei1223534%15:33
2Jake McCabeBowen Byram1223534%15:47
3Dysin MayoKyle Capobianco1223032%14:47
4Jacob TroubaBrady Skjei12200%0:00
Power Play Forward
Line #Left WingCenterRight WingPHYDFOFWanted %Time %Time Play
1Jesper BrattAdam FantilliClayton Keller1225049%2:56
2David PerronAnders LeeBrock Nelson1225051%3:01
Power Play Defense
Line #DefenseDefensePHYDFOFWanted %Time %Time Play
1Bowen ByramBrady Skjei1225050%2:59
2Jacob TroubaJake McCabe1225050%2:58
Penalty Kill 4 Players Forward
Line #CenterWingPHYDFOFWanted %Time %Time Play
1Chandler StephensonNick Schmaltz1225049%3:52
2Barrett HaytonBoone Jenner1225051%4:04
Penalty Kill 4 Players Defense
Line #DefenseDefensePHYDFOFWanted %Time %Time Play
1Jacob TroubaJake McCabe1225052%4:08
2Bowen ByramBrady Skjei1225048%3:48
Penalty Kill 3 Players
Line #WingPHYDFOFWanted %Time %Time PlayDefenseDefensePHYDFOFWanted %Time %Time Play
1Jesper Bratt122500%0:00 Jacob TroubaBrady Skjei122500%0:00
2Clayton Keller122500%0:00 Jake McCabeBowen Byram122500%0:00
4 vs 4 Forward
Line #CenterWingPHYDFOFWanted %Time %Time Play
1Jesper BrattClayton Keller122500%0:00
2Anders LeeDavid Perron122500%0:00
4 vs 4 Defense
Line #DefensePHYDFOFWanted %Time %Time Play
1Jacob TroubaBrady Skjei122500%0:00
2Jake McCabeBowen Byram122500%0:00
Last Minutes Offensive
Left WingCenterRight WingDefenseDefense
Jesper BrattClayton KellerAnders LeeJacob TroubaBrady Skjei
Last Minutes Defensive
Left WingCenterRight WingDefenseDefense
Jesper BrattClayton KellerAnders LeeJacob TroubaBrady Skjei
Time
Total ForwardTotal DefenseLast Minutes OffensiveLast Minutes Defensive
60:00 60:00 0:000:00
Extra Forwards
Normal PowerPlayPenalty Kill
Adam Fantilli, Chandler Stephenson, Nick SchmaltzAdam Fantilli, Chandler StephensonNick Schmaltz
Extra Defensemen
Normal PowerPlayPenalty Kill
Dysin Mayo, Kyle Capobianco, Jake McCabeDysin Mayo, Kyle CapobiancoJake McCabe
Penalty Shots
Jesper Bratt, Clayton Keller, Anders Lee, David Perron, Boone Jenner
Goalie
Karel Vejmelka, Joseph Woll
Custom OT Lines Forwards
Jesper Bratt, Clayton Keller, Anders Lee, David Perron, Boone Jenner, Brock Nelson, Chandler Stephenson, Nick Schmaltz, Barrett Hayton, Adam Fantilli
Custom OT Lines Defensemen
Jacob Trouba, Brady Skjei, Jake McCabe, Bowen Byram, Dysin Mayo
Scratches
Barclay Goodrow (Healthy), Christian Dvorak (Healthy), Lars Eller (Healthy), Tyler Johnson (Healthy)

Coyotes

5 vs 5 Forward
Line #Left WingCenterRight WingPHYDFOFWanted %Time %Time Play
1Evgeny KuznetsovMatt DucheneTomas Tatar2122527%12:18
2Jason ZuckerScott LaughtonAlexander Barabanov2122521%9:50
3Jonathan DrouinMathieu PerreaultRobby Fabbri2122527%12:21
4Patric HornqvistColin WhiteDevin Shore2122525%11:38
5 vs 5 Defense
Line #DefenseDefensePHYDFOFWanted %Time %Time Play
1Darnell NurseIvan Provorov2212530%13:48
2T.J. BrodieOlli Maatta2212519%8:55
3Connor CliftonMarco Scandella2212531%14:19
4Olli MaattaT.J. Brodie2212520%9:05
Power Play Forward
Line #Left WingCenterRight WingPHYDFOFWanted %Time %Time Play
1Evgeny KuznetsovMatt DucheneTomas Tatar2125052%4:08
2Jason ZuckerScott LaughtonAlexander Barabanov2125048%3:48
Power Play Defense
Line #DefenseDefensePHYDFOFWanted %Time %Time Play
1Darnell NurseIvan Provorov2215042%3:22
2T.J. BrodieOlli Maatta2215058%4:34
Penalty Kill 4 Players Forward
Line #CenterWingPHYDFOFWanted %Time %Time Play
1Robby FabbriScott Laughton1135055%3:18
2Mathieu PerreaultDevin Shore1135045%2:39
Penalty Kill 4 Players Defense
Line #DefenseDefensePHYDFOFWanted %Time %Time Play
1Connor CliftonOlli Maatta1315047%2:47
2Ivan ProvorovMarco Scandella1315053%3:10
Penalty Kill 3 Players
Line #WingPHYDFOFWanted %Time %Time PlayDefenseDefensePHYDFOFWanted %Time %Time Play
1Devin Shore113500%0:00 Connor CliftonOlli Maatta131500%0:00
2Patric Hornqvist113500%0:00 T.J. BrodieMarco Scandella131500%0:00
4 vs 4 Forward
Line #CenterWingPHYDFOFWanted %Time %Time Play
1Matt DucheneTomas Tatar113500%0:00
2Evgeny KuznetsovJason Zucker113500%0:00
4 vs 4 Defense
Line #DefensePHYDFOFWanted %Time %Time Play
1Olli MaattaT.J. Brodie131500%0:00
2Ivan ProvorovMarco Scandella131500%0:00
Last Minutes Offensive
Left WingCenterRight WingDefenseDefense
Evgeny KuznetsovMatt DucheneTomas TatarOlli MaattaIvan Provorov
Last Minutes Defensive
Left WingCenterRight WingDefenseDefense
Jonathan DrouinScott LaughtonJason ZuckerDarnell NurseT.J. Brodie
Time
Total ForwardTotal DefenseLast Minutes OffensiveLast Minutes Defensive
60:00 60:00 0:000:00
Extra Forwards
Normal PowerPlayPenalty Kill
Colin White, Devin Shore, Mathieu PerreaultEvgeny Kuznetsov, Robby FabbriPatric Hornqvist
Extra Defensemen
Normal PowerPlayPenalty Kill
T.J. Brodie, Olli Maatta, Connor CliftonDarnell Nurse, Marco ScandellaConnor Clifton
Penalty Shots
Matt Duchene, Evgeny Kuznetsov, Tomas Tatar, Jonathan Drouin, Alexander Barabanov
Goalie
Kaapo Kahkonen, Vitek Vanecek
Custom OT Lines Forwards
Evgeny Kuznetsov, Jonathan Drouin, Matt Duchene, Mathieu Perreault, Tomas Tatar, Jason Zucker, Alexander Barabanov, Scott Laughton, Robby Fabbri, Colin White
Custom OT Lines Defensemen
Ivan Provorov, T.J. Brodie, Darnell Nurse, Marco Scandella, Olli Maatta
Scratches
Brendan Smith (Healthy), Steven Lorentz (Healthy), Haydn Fleury (Healthy)


Play-by-Play

1st period


0:01 of 1st period - Matt Duchene wins face-off versus Adam Fantilli in neutral zone.
0:08 of 1st period - Snap shot by Tomas Tatar.
0:08 of 1st period - Stopped by Karel Vejmelka without a rebound.
0:09 of 1st period - Matt Duchene wins face-off versus Adam Fantilli in Islanders zone.
0:14 of 1st period - Wrist shot by Evgeny Kuznetsov.
0:14 of 1st period - Stopped by Karel Vejmelka with a rebound.
0:26 of 1st period - Wrist shot by Adam Fantilli.
0:26 of 1st period - Stopped by Kaapo Kahkonen with a rebound.
0:32 of 1st period - Snap shot by Anders Lee.
0:32 of 1st period - Stopped by Kaapo Kahkonen without a rebound.
0:33 of 1st period - Scott Laughton wins face-off versus Clayton Keller in Coyotes zone.
0:38 of 1st period - Wrist shot by Clayton Keller.
0:38 of 1st period - Shot Misses the Net.
0:40 of 1st period - Slapshot by Jake McCabe.
0:40 of 1st period - Shot Blocked by Jason Zucker.
0:42 of 1st period - Snap shot by Clayton Keller.
0:42 of 1st period - Shot Misses the Net.
0:44 of 1st period - Snap shot by Clayton Keller.
0:44 of 1st period - Stopped by Kaapo Kahkonen with a rebound.
0:46 of 1st period - Slapshot by Clayton Keller.
0:46 of 1st period - Stopped by Kaapo Kahkonen with a rebound.
0:48 of 1st period - Snap shot by Brock Nelson.
0:48 of 1st period - Stopped by Kaapo Kahkonen with a rebound.
1:16 of 1st period - Icing by Jonathan Drouin.
1:17 of 1st period - Barrett Hayton wins face-off versus Mathieu Perreault in Coyotes zone.
1:48 of 1st period - Snap shot by Colin White.
1:48 of 1st period - Stopped by Karel Vejmelka with a rebound.
1:50 of 1st period - Snap shot by T.J. Brodie.
1:50 of 1st period - Deflect By Colin White.
1:50 of 1st period - Stopped by Karel Vejmelka with a rebound.
2:14 of 1st period - Wrist shot by Alexander Barabanov.
2:14 of 1st period - Stopped by Karel Vejmelka with a rebound.
3:11 of 1st period - Wrist shot by Chandler Stephenson.
3:11 of 1st period - Shot Misses the Net.
3:25 of 1st period - Wrist shot by Alexander Barabanov.
3:25 of 1st period - Shot Blocked by Brady Skjei.
3:27 of 1st period - Slapshot by Darnell Nurse.
3:27 of 1st period - Shot Blocked by Jacob Trouba.
3:29 of 1st period - Wrist shot by Jason Zucker.
3:29 of 1st period - Shot Misses the Net.
3:31 of 1st period - Snap shot by Jason Zucker.
3:31 of 1st period - Shot Misses the Net.
3:33 of 1st period - Wrist shot by Alexander Barabanov.
3:33 of 1st period - Stopped by Karel Vejmelka with a rebound.
3:35 of 1st period - Snap shot by Jason Zucker.
3:35 of 1st period - Shot Misses the Net.
4:09 of 1st period - T.J. Brodie is hit by David Perron and loses puck.
4:27 of 1st period - Icing by David Perron.
4:28 of 1st period - Mathieu Perreault wins face-off versus Chandler Stephenson in Islanders zone.
4:31 of 1st period - Slapshot by Robby Fabbri.
4:31 of 1st period - Stopped by Karel Vejmelka with a rebound.
5:01 of 1st period - Wrist shot by Patric Hornqvist.
5:01 of 1st period - Shot Misses the Net.
5:03 of 1st period - Snap shot by Connor Clifton.
5:03 of 1st period - Shot Blocked by Dysin Mayo.
5:15 of 1st period - T.J. Brodie is hit by David Perron and loses puck.
6:26 of 1st period - Snap shot by Kyle Okposo.
6:26 of 1st period - Shot Misses the Net.
6:50 of 1st period - Snap shot by Kyle Okposo.
6:50 of 1st period - Stopped by Kaapo Kahkonen with a rebound.
7:00 of 1st period - Wrist shot by Kyle Okposo.
7:00 of 1st period - Shot Blocked by Jason Zucker.
7:14 of 1st period - Snap shot by Barrett Hayton.
7:14 of 1st period - Shot Misses the Net.
7:16 of 1st period - Snap shot by Kyle Okposo.
7:16 of 1st period - Stopped by Kaapo Kahkonen with a rebound.
7:18 of 1st period - Wrist shot by Nick Bonino.
7:18 of 1st period - Stopped by Kaapo Kahkonen with a rebound.
7:20 of 1st period - Wrist shot by Nick Bonino.
7:20 of 1st period - Stopped by Kaapo Kahkonen without a rebound.
7:21 of 1st period - Clayton Keller wins face-off versus Matt Duchene in Coyotes zone.
7:24 of 1st period - Slapshot by Brock Nelson.
7:24 of 1st period - Stopped by Kaapo Kahkonen without a rebound.
7:25 of 1st period - Clayton Keller wins face-off versus Matt Duchene in Coyotes zone.
7:34 of 1st period - Snap shot by Clayton Keller.
7:34 of 1st period - Stopped by Kaapo Kahkonen without a rebound.
7:35 of 1st period - Adam Fantilli wins face-off versus Colin White in Coyotes zone.
7:44 of 1st period - Snap shot by Jesper Bratt.
7:44 of 1st period - Deflect By Anders Lee.
7:44 of 1st period - Shot Blocked by Olli Maatta.
7:44 of 1st period - Puck is out of play.
7:45 of 1st period - Colin White wins face-off versus Adam Fantilli in Coyotes zone.
7:53 of 1st period - Minor Penalty to Jacob Trouba for Roughing.
7:54 of 1st period - Matt Duchene wins face-off versus Chandler Stephenson in Islanders zone.
7:59 of 1st period - Snap shot by Matt Duchene.
7:59 of 1st period - Deflect By Nick Schmaltz.
7:59 of 1st period - Shot Misses the Net.
7:59 of 1st period - Puck is out of play.
8:00 of 1st period - Chandler Stephenson wins face-off versus Matt Duchene in Islanders zone.
9:14 of 1st period - Icing by Jason Zucker.
9:15 of 1st period - Chandler Stephenson wins face-off versus Matt Duchene in Coyotes zone.
9:53 of 1st period - Penalty to Jacob Trouba is over, Jacob Trouba is back on ice.
10:36 of 1st period - Patric Hornqvist is hit by Bowen Byram and loses puck.
11:09 of 1st period - Slapshot by Alexander Barabanov.
11:09 of 1st period - Stopped by Karel Vejmelka without a rebound.
11:10 of 1st period - Clayton Keller wins face-off versus Scott Laughton in Islanders zone.
11:15 of 1st period - Snap shot by Alexander Barabanov.
11:15 of 1st period - Shot Blocked by Clayton Keller.
12:14 of 1st period - T.J. Brodie is hit by Nick Bonino and loses puck.
12:37 of 1st period - Wrist shot by Brock Nelson.
12:37 of 1st period - Stopped by Kaapo Kahkonen with a rebound.
12:49 of 1st period - Darnell Nurse is hit by Kyle Capobianco and loses puck.
13:33 of 1st period - Ivan Provorov is hit by Barrett Hayton and loses puck.
13:40 of 1st period - Snap shot by Barrett Hayton.
13:40 of 1st period - Shot Misses the Net.
13:42 of 1st period - Snap shot by Barrett Hayton.
13:42 of 1st period - Stopped by Kaapo Kahkonen with a rebound.
13:44 of 1st period - Wrist shot by Nick Bonino.
13:44 of 1st period - Deflect By Barrett Hayton.
13:44 of 1st period - Stopped by Kaapo Kahkonen without a rebound.
13:45 of 1st period - Mathieu Perreault wins face-off versus Boone Jenner in Coyotes zone.
13:45 of 1st period - Mathieu Perreault is hit by Nick Schmaltz.
14:12 of 1st period - Jacob Trouba is hit by Connor Clifton.
14:32 of 1st period - Jesper Bratt is hit by Jason Zucker and loses puck.
14:41 of 1st period - Jason Zucker is hit by Kyle Capobianco and loses puck.
15:34 of 1st period - Matt Duchene is hit by Boone Jenner and loses puck.
16:09 of 1st period - Snap shot by David Perron.
16:09 of 1st period - Shot Misses the Net.
16:21 of 1st period - Snap shot by Colin White.
16:21 of 1st period - Deflect By Patric Hornqvist.
16:21 of 1st period - Stopped by Karel Vejmelka with a rebound.
17:07 of 1st period - Snap shot by Matt Duchene.
17:07 of 1st period - Shot Blocked by Kyle Capobianco.
17:13 of 1st period - Tomas Tatar is hit by Kyle Capobianco and loses puck.
17:30 of 1st period - Snap shot by Jason Zucker.
17:30 of 1st period - Shot Misses the Net.
17:44 of 1st period - Slapshot by Alexander Barabanov.
17:44 of 1st period - Shot Blocked by Jacob Trouba.
17:46 of 1st period - Wrist shot by Darnell Nurse.
17:46 of 1st period - Stopped by Karel Vejmelka with a rebound.
17:48 of 1st period - Snap shot by Patric Hornqvist.
17:48 of 1st period - Shot Blocked by Jacob Trouba.
17:52 of 1st period - Backhand shot by Patric Hornqvist.
17:52 of 1st period - Stopped by Karel Vejmelka without a rebound.
17:53 of 1st period - Mathieu Perreault wins face-off versus Clayton Keller in Islanders zone.
18:02 of 1st period - Wrist shot by Robby Fabbri.
18:02 of 1st period - Stopped by Karel Vejmelka without a rebound.
18:03 of 1st period - Clayton Keller wins face-off versus Mathieu Perreault in Islanders zone.
18:03 of 1st period - Clayton Keller is hit by Jonathan Drouin.
18:17 of 1st period - Robby Fabbri is hit by Jacob Trouba.
18:25 of 1st period - Snap shot by David Perron.
18:25 of 1st period - Deflect By T.J. Brodie.
18:25 of 1st period - Shot Misses the Net.
18:25 of 1st period - Puck is out of play.
18:26 of 1st period - Chandler Stephenson wins face-off versus Jason Zucker in Coyotes zone.
19:02 of 1st period - Wrist shot by Alexander Barabanov.
19:02 of 1st period - Deflect By Jason Zucker.
19:02 of 1st period - Stopped by Karel Vejmelka without a rebound.
19:03 of 1st period - Evgeny Kuznetsov wins face-off versus Adam Fantilli in Islanders zone.
19:10 of 1st period - Wrist shot by Matt Duchene.
19:10 of 1st period - Stopped by Karel Vejmelka with a rebound.
19:28 of 1st period - Colin White is hit by Brady Skjei.
19:34 of 1st period - Snap shot by David Perron.
19:34 of 1st period - Shot Misses the Net.
19:40 of 1st period - Jake McCabe is hit by T.J. Brodie and loses puck.
19:57 of 1st period - Snap shot by Kyle Okposo.
19:57 of 1st period - Stopped by Kaapo Kahkonen without a rebound.
19:58 of 1st period - Matt Duchene wins face-off versus Chandler Stephenson in Coyotes zone.
Goals for this period are 0 for Islanders vs 0 for Coyotes.
Shots for this period are 15 for Islanders vs 14 for Coyotes.

2nd period


0:01 of 2nd period - Chandler Stephenson wins face-off versus Matt Duchene in neutral zone.
0:09 of 2nd period - Off-side.
0:10 of 2nd period - Matt Duchene wins face-off versus Chandler Stephenson in neutral zone.
0:23 of 2nd period - Slapshot by Matt Duchene.
0:23 of 2nd period - Stopped by Karel Vejmelka with a rebound.
0:55 of 2nd period - Evgeny Kuznetsov is hit by Chandler Stephenson and loses puck.
1:03 of 2nd period - Icing by Olli Maatta.
1:04 of 2nd period - Adam Fantilli wins face-off versus Matt Duchene in Coyotes zone.
1:40 of 2nd period - Snap shot by Tomas Tatar.
1:40 of 2nd period - Stopped by Karel Vejmelka with a rebound.
1:56 of 2nd period - Wrist shot by Tomas Tatar.
1:56 of 2nd period - Stopped by Karel Vejmelka without a rebound.
1:57 of 2nd period - Clayton Keller wins face-off versus Colin White in Islanders zone.
2:54 of 2nd period - Mathieu Perreault is hit by Dysin Mayo and loses puck.
3:13 of 2nd period - Jonathan Drouin is hit by Kyle Capobianco.
3:46 of 2nd period - Backhand shot by Jonathan Drouin.
3:46 of 2nd period - Shot Blocked by Brock Nelson.
4:02 of 2nd period - Wrist shot by Robby Fabbri.
4:02 of 2nd period - Stopped by Karel Vejmelka with a rebound.
4:08 of 2nd period - Slapshot by Robby Fabbri.
4:08 of 2nd period - Shot Blocked by Clayton Keller.
4:45 of 2nd period - Slapshot by Clayton Keller.
4:45 of 2nd period - Shot Misses the Net.
5:25 of 2nd period - Wrist shot by Robby Fabbri.
5:25 of 2nd period - Shot Misses the Net.
5:27 of 2nd period - Snap shot by Jonathan Drouin.
5:27 of 2nd period - Shot Misses the Net.
5:29 of 2nd period - Snap shot by Darnell Nurse.
5:29 of 2nd period - Stopped by Karel Vejmelka with a rebound.
5:31 of 2nd period - Slapshot by Ivan Provorov.
5:31 of 2nd period - Stopped by Karel Vejmelka with a rebound.
5:33 of 2nd period - Snap shot by Jonathan Drouin.
5:33 of 2nd period - Shot Hit the Post.
5:35 of 2nd period - Wrist shot by Mathieu Perreault.
5:35 of 2nd period - Stopped by Karel Vejmelka with a rebound.
5:37 of 2nd period - Slapshot by Mathieu Perreault.
5:37 of 2nd period - Shot Misses the Net.
6:02 of 2nd period - Snap shot by Robby Fabbri.
6:02 of 2nd period - Shot Misses the Net.
6:28 of 2nd period - Robby Fabbri is hit by Clayton Keller and loses puck.
6:47 of 2nd period - Snap shot by Robby Fabbri.
6:47 of 2nd period - Stopped by Karel Vejmelka with a rebound.
6:49 of 2nd period - Slapshot by Jonathan Drouin.
6:49 of 2nd period - Stopped by Karel Vejmelka with a rebound.
6:51 of 2nd period - Wrist shot by Robby Fabbri.
6:51 of 2nd period - Shot Misses the Net.
6:53 of 2nd period - Wrist shot by Mathieu Perreault.
6:53 of 2nd period - Stopped by Karel Vejmelka without a rebound.
6:54 of 2nd period - Colin White wins face-off versus Adam Fantilli in Islanders zone.
7:16 of 2nd period - Icing by Brady Skjei.
7:17 of 2nd period - Alexander Barabanov wins face-off versus Boone Jenner in Islanders zone.
7:18 of 2nd period - Snap shot by Jason Zucker.
7:18 of 2nd period - Shot Blocked by Brady Skjei.
7:20 of 2nd period - Wrist shot by Scott Laughton.
7:20 of 2nd period - Shot Blocked by Brady Skjei.
7:48 of 2nd period - Slapshot by Kyle Okposo.
7:48 of 2nd period - Shot Blocked by Devin Shore.
7:50 of 2nd period - Snap shot by Kyle Okposo.
7:50 of 2nd period - Goal by Kyle Okposo - Islanders : 1 - Coyotes : 0.
7:51 of 2nd period - Alexander Barabanov wins face-off versus Adam Fantilli in neutral zone.
8:12 of 2nd period - Jesper Bratt is hit by Scott Laughton and loses puck.
8:50 of 2nd period - Slapshot by Kyle Okposo.
8:50 of 2nd period - Stopped by Kaapo Kahkonen with a rebound.
9:09 of 2nd period - Marco Scandella is hit by Jesper Bratt and loses puck.
9:56 of 2nd period - Marco Scandella is hit by Chandler Stephenson and loses puck.
10:07 of 2nd period - Barrett Hayton is hit by Connor Clifton and loses puck.
10:35 of 2nd period - Icing by Dysin Mayo.
10:36 of 2nd period - Adam Fantilli wins face-off versus Matt Duchene in Islanders zone.
10:43 of 2nd period - Jesper Bratt is hit by Tomas Tatar and loses puck.
11:20 of 2nd period - Snap shot by Nick Schmaltz.
11:20 of 2nd period - Stopped by Kaapo Kahkonen with a rebound.
11:22 of 2nd period - Slapshot by Nick Schmaltz.
11:22 of 2nd period - Goal by Nick Schmaltz - Islanders : 2 - Coyotes : 0.
11:23 of 2nd period - Adam Fantilli wins face-off versus Colin White in neutral zone.
11:23 of 2nd period - Anders Lee is hit by Patric Hornqvist and loses puck.
11:45 of 2nd period - Minor Penalty to T.J. Brodie for Holding Stick.
11:46 of 2nd period - Adam Fantilli wins face-off versus Robby Fabbri in Coyotes zone.
13:45 of 2nd period - Penalty to T.J. Brodie is over, T.J. Brodie is back on ice.
14:27 of 2nd period - Minor Penalty to Patric Hornqvist for Elbowing.
14:28 of 2nd period - Mathieu Perreault wins face-off versus Adam Fantilli in Coyotes zone.
14:28 of 2nd period - Mathieu Perreault is hit by Jacob Trouba.
16:26 of 2nd period - Boone Jenner is hit by Scott Laughton.
16:27 of 2nd period - Penalty to Patric Hornqvist is over, Patric Hornqvist is back on ice.
16:58 of 2nd period - Slapshot by Scott Laughton.
16:58 of 2nd period - Stopped by Karel Vejmelka without a rebound.
16:59 of 2nd period - Chandler Stephenson wins face-off versus Matt Duchene in Islanders zone.
17:08 of 2nd period - Wrist shot by Matt Duchene.
17:08 of 2nd period - Deflect By Tomas Tatar.
17:08 of 2nd period - Stopped by Karel Vejmelka without a rebound.
17:09 of 2nd period - Matt Duchene wins face-off versus Adam Fantilli in Islanders zone.
17:12 of 2nd period - Slapshot by Tomas Tatar.
17:12 of 2nd period - Shot Misses the Net.
17:32 of 2nd period - Kyle Capobianco is hit by Matt Duchene.
17:38 of 2nd period - Wrist shot by Chandler Stephenson.
17:38 of 2nd period - Shot Misses the Net.
17:54 of 2nd period - Wrist shot by Evgeny Kuznetsov.
17:54 of 2nd period - Deflect By Matt Duchene.
17:54 of 2nd period - Shot Misses the Net.
17:54 of 2nd period - Puck is out of play.
17:55 of 2nd period - Colin White wins face-off versus Adam Fantilli in Islanders zone.
18:07 of 2nd period - Off-side.
18:08 of 2nd period - Scott Laughton wins face-off versus Adam Fantilli in neutral zone.
19:21 of 2nd period - Minor Penalty to Tomas Tatar for Hooking.
19:22 of 2nd period - Mathieu Perreault wins face-off versus Adam Fantilli in Coyotes zone.
19:48 of 2nd period - Ivan Provorov is hit by Anders Lee and loses puck.
Goals for this period are 2 for Islanders vs 0 for Coyotes.
Shots for this period are 4 for Islanders vs 12 for Coyotes.

3rd period


0:01 of 3rd period - Mathieu Perreault wins face-off versus Brock Nelson in neutral zone.
0:30 of 3rd period - Snap shot by Scott Laughton.
0:30 of 3rd period - Stopped by Karel Vejmelka with a rebound.
1:21 of 3rd period - Penalty to Tomas Tatar is over, Tomas Tatar is back on ice.
1:32 of 3rd period - Wrist shot by Robby Fabbri.
1:32 of 3rd period - Shot Misses the Net.
1:39 of 3rd period - Snap shot by Boone Jenner.
1:39 of 3rd period - Stopped by Kaapo Kahkonen without a rebound.
1:40 of 3rd period - Matt Duchene wins face-off versus Chandler Stephenson in Coyotes zone.
1:55 of 3rd period - Snap shot by Chandler Stephenson.
1:55 of 3rd period - Shot Blocked by Olli Maatta.
2:05 of 3rd period - Slapshot by Brock Nelson.
2:05 of 3rd period - Stopped by Kaapo Kahkonen with a rebound.
2:11 of 3rd period - Wrist shot by Clayton Keller.
2:11 of 3rd period - Stopped by Kaapo Kahkonen with a rebound.
2:13 of 3rd period - Snap shot by Brady Skjei.
2:13 of 3rd period - Stopped by Kaapo Kahkonen with a rebound.
3:43 of 3rd period - Kyle Okposo is hit by Alexander Barabanov and loses puck.
4:06 of 3rd period - Snap shot by Tomas Tatar.
4:06 of 3rd period - Goal by Tomas Tatar - Islanders : 2 - Coyotes : 1.
4:07 of 3rd period - Anders Lee wins face-off versus Scott Laughton in neutral zone.
4:11 of 3rd period - Off-side.
4:12 of 3rd period - Adam Fantilli wins face-off versus Alexander Barabanov in neutral zone.
4:12 of 3rd period - Adam Fantilli is hit by Connor Clifton.
4:15 of 3rd period - Brady Skjei is hit by Alexander Barabanov and loses puck.
4:17 of 3rd period - Connor Clifton and Jesper Bratt fight to a draw.
4:17 of 3rd period - Penalty to Connor Clifton for Fighting.
4:17 of 3rd period - Penalty to Jesper Bratt for Fighting.
4:17 of 3rd period - Penalty to Jesper Bratt for instigated a fight.
4:17 of 3rd period - Penalty to Jesper Bratt for instigated a fight.
4:18 of 3rd period - Barrett Hayton wins face-off versus Scott Laughton in Coyotes zone.
4:19 of 3rd period - Wrist shot by Boone Jenner.
4:19 of 3rd period - Shot Misses the Net.
4:47 of 3rd period - Olli Maatta is hit by Brady Skjei and loses puck.
6:17 of 3rd period - Penalty to Jesper Bratt is over, Brock Nelson is send on ice.
6:24 of 3rd period - Boone Jenner is hit by Darnell Nurse and loses puck.
6:35 of 3rd period - Boone Jenner is hit by Colin White and loses puck.
6:42 of 3rd period - Snap shot by Patric Hornqvist.
6:42 of 3rd period - Shot Misses the Net.
6:44 of 3rd period - Slapshot by Marco Scandella.
6:44 of 3rd period - Shot Blocked by Jake McCabe.
7:38 of 3rd period - Icing by Adam Fantilli.
7:39 of 3rd period - Mathieu Perreault wins face-off versus Adam Fantilli in Islanders zone.
7:48 of 3rd period - Dysin Mayo is hit by Jason Zucker and loses puck.
7:59 of 3rd period - Snap shot by Kyle Okposo.
7:59 of 3rd period - Deflect By Barrett Hayton.
7:59 of 3rd period - Stopped by Kaapo Kahkonen with a rebound.
8:05 of 3rd period - Robby Fabbri is hit by Dysin Mayo and loses puck.
9:09 of 3rd period - Slapshot by Darnell Nurse.
9:09 of 3rd period - Deflect By Alexander Barabanov.
9:09 of 3rd period - Stopped by Karel Vejmelka with a rebound.
9:41 of 3rd period - Nick Schmaltz is hit by Mathieu Perreault and loses puck.
9:58 of 3rd period - Alexander Barabanov is hit by Nick Schmaltz and loses puck.
10:28 of 3rd period - Minor Penalty to Jake McCabe for Boarding.
10:29 of 3rd period - Scott Laughton wins face-off versus Barrett Hayton in Islanders zone.
10:32 of 3rd period - Snap shot by Jason Zucker.
10:32 of 3rd period - Shot Misses the Net.
10:34 of 3rd period - Slapshot by T.J. Brodie.
10:34 of 3rd period - Deflect By Jason Zucker.
10:34 of 3rd period - Shot Misses the Net.
10:34 of 3rd period - Puck is out of play.
10:35 of 3rd period - Scott Laughton wins face-off versus Barrett Hayton in Islanders zone.
10:38 of 3rd period - Snap shot by Jason Zucker.
10:38 of 3rd period - Shot Blocked by Barrett Hayton.
10:40 of 3rd period - Backhand shot by Scott Laughton.
10:40 of 3rd period - Stopped by Karel Vejmelka without a rebound.
10:41 of 3rd period - Matt Duchene wins face-off versus Chandler Stephenson in Islanders zone.
11:04 of 3rd period - Jason Zucker is hit by Nick Schmaltz and loses puck.
12:28 of 3rd period - Penalty to Jake McCabe is over, Jake McCabe is back on ice.
12:35 of 3rd period - Anders Lee is hit by Patric Hornqvist and loses puck.
12:42 of 3rd period - Colin White is hit by Bowen Byram and loses puck.
13:09 of 3rd period - Jonathan Drouin is hit by Clayton Keller and loses puck.
13:22 of 3rd period - Brock Nelson is hit by Colin White and loses puck.
13:38 of 3rd period - Marco Scandella is hit by Kyle Okposo and loses puck.
14:15 of 3rd period - Slapshot by Darnell Nurse.
14:15 of 3rd period - Stopped by Karel Vejmelka with a rebound.
14:17 of 3rd period - Slapshot by Ivan Provorov.
14:17 of 3rd period - Shot Blocked by Kyle Capobianco.
14:19 of 3rd period - Wrist shot by Darnell Nurse.
14:19 of 3rd period - Stopped by Karel Vejmelka with a rebound.
14:41 of 3rd period - Robby Fabbri is hit by Anders Lee and loses puck.
15:50 of 3rd period - Wrist shot by Kyle Okposo.
15:50 of 3rd period - Stopped by Kaapo Kahkonen with a rebound.
16:05 of 3rd period - Minor Penalty to Jake McCabe for Elbowing.
16:06 of 3rd period - Chandler Stephenson wins face-off versus Scott Laughton in Islanders zone.
16:06 of 3rd period - Chandler Stephenson is hit by T.J. Brodie.
16:17 of 3rd period - Snap shot by Boone Jenner.
16:17 of 3rd period - Stopped by Kaapo Kahkonen without a rebound.
16:18 of 3rd period - Barrett Hayton wins face-off versus Tomas Tatar in Coyotes zone.
16:45 of 3rd period - Bowen Byram is hit by T.J. Brodie and loses puck.
17:08 of 3rd period - Wrist shot by Tomas Tatar.
17:08 of 3rd period - Stopped by Karel Vejmelka with a rebound.
17:10 of 3rd period - Wrist shot by Tomas Tatar.
17:10 of 3rd period - Stopped by Karel Vejmelka without a rebound.
17:11 of 3rd period - Chandler Stephenson wins face-off versus Jason Zucker in Islanders zone.
17:54 of 3rd period - Icing by Tomas Tatar.
17:55 of 3rd period - Chandler Stephenson wins face-off versus Matt Duchene in Coyotes zone.
17:58 of 3rd period - Snap shot by Chandler Stephenson.
17:58 of 3rd period - Goal by Chandler Stephenson - Islanders : 3 - Coyotes : 1.
17:59 of 3rd period - Scott Laughton wins face-off versus Chandler Stephenson in neutral zone.
18:05 of 3rd period - Penalty to Jake McCabe is over, Jake McCabe is back on ice.
18:10 of 3rd period - Snap shot by Scott Laughton.
18:10 of 3rd period - Shot Blocked by Chandler Stephenson.
18:12 of 3rd period - Slapshot by Jason Zucker.
18:12 of 3rd period - Deflect By Scott Laughton.
18:12 of 3rd period - Shot Misses the Net.
18:12 of 3rd period - Puck is out of play.
18:13 of 3rd period - Chandler Stephenson wins face-off versus Colin White in Islanders zone.
18:31 of 3rd period - Icing by Brady Skjei.
18:32 of 3rd period - Mathieu Perreault wins face-off versus Chandler Stephenson in Islanders zone.
18:37 of 3rd period - Snap shot by Jonathan Drouin.
18:37 of 3rd period - Stopped by Karel Vejmelka without a rebound.
18:38 of 3rd period - Chandler Stephenson wins face-off versus Mathieu Perreault in Islanders zone.
18:38 of 3rd period - Chandler Stephenson is hit by Mathieu Perreault.
18:49 of 3rd period - Icing by Nick Schmaltz.
18:50 of 3rd period - Colin White wins face-off versus Chandler Stephenson in Islanders zone.
19:02 of 3rd period - Off-side.
19:03 of 3rd period - Jonathan Drouin wins face-off versus Chandler Stephenson in neutral zone.
19:17 of 3rd period - 10 Minutes Misconduct Penalty to Jesper Bratt is over.
19:31 of 3rd period - Slapshot by Olli Maatta.
19:31 of 3rd period - Stopped by Karel Vejmelka without a rebound.
19:32 of 3rd period - Clayton Keller wins face-off versus Colin White in Islanders zone.
19:32 of 3rd period - Clayton Keller is hit by Devin Shore.
Goals for this period are 1 for Islanders vs 1 for Coyotes.
Shots for this period are 8 for Islanders vs 10 for Coyotes.